 Dungeon Crawl Stone Soup version 0.23-a0-49-gd9f7a49668 (webtiles) character file.

1855 Htamos the Digger (level 8, -13/85 HPs)
             Began as a Troll Earth Elementalist on Aug 6, 2018.
             Was a Believer of Okawaru.
             Mangled by an orc warrior
             ... wielding a +0 hand axe
              (20 damage)
             ... on level 6 of the Dungeon.
             The game lasted 00:12:52 (6586 turns).

Htamos the Digger (Troll Earth Elementalist)        Turns: 6586, Time: 00:12:53

Health: -13/85     AC:  5    Str: 17    XL:     8   Next: 89%
Magic:  10/10      EV:  8    Int: 13    God:    Okawaru [**....]
Gold:   279        SH:  8    Dex: 10    Spells: 7/11 levels left

rFire    . . .     SeeInvis .   r - +8 trident "Ufiquofo" {pierce, rPois Stlth+}
rCold    x . .     Gourm    +   h - +2 shield "Dexuj" {+Inv rElec rC- MR++}
rNeg     + . .     Faith    .   c - +0 robe
rPois    +         Spirit   .   (helmet restricted)
rElec    +         Reflect  .   (no cloak)
rCorr    .         Harm     .   (gloves unavailable)
MR       ++...                  (boots unavailable)
Stlth    ++........             (no amulet)
HPRegen  0.64/turn              j - ring of positive energy
MPRegen  0.12/turn              (no ring)

@: flying
A: large, unfitting armour, claws 3, fast metabolism 3, gourmand, poison
resistance, regeneration 1, robust 1, shaggy fur 1, tough skin 2, wild magic 1
a: Heroism, Renounce Religion, Evoke Invisibility


You were on level 6 of the Dungeon.
You worshipped Okawaru.
Okawaru was pleased with you.
You were not hungry.

You visited 2 branches of the dungeon, and saw 7 of its levels.
You also visited: Ossuary.

You collected 279 gold pieces.

Inventory:

Hand Weapons
 i - the +4 arbalest of Midwinter {venom, rC- Str+6, unknown}
   (You found it on level 4 of the Dungeon)

   It poisons the ammo it fires.
   It affects your strength (+6).
   It makes you vulnerable to cold.
 n - a -2 great sword
 r - the +8 trident "Ufiquofo" (weapon) {pierce, rPois Stlth+}
   (You found it on level 4 of the Dungeon)

   It inflicts extra damage upon your enemies.
   It protects you from poison.
   It makes you more stealthy.
Missiles
 b - 130 stones (quivered)
Armour
 c - a +0 robe (worn)
 h - the +2 shield "Dexuj" (worn) {+Inv rElec rC- MR++}
   (You acquired it on level 5 of the Dungeon)

   It makes you vulnerable to cold.
   It insulates you from electricity.
   It affects your resistance to hostile enchantments.
   It lets you turn invisible.
Jewellery
 j - a ring of positive energy (left claw)
Wands
 a - a wand of flame (28)
 g - a wand of disintegration (9)
 s - a wand of polymorph (7)
Scrolls
 m - 5 scrolls of immolation {unknown}
 p - a scroll of identify
 q - a scroll of teleportation
 u - a scroll of random uselessness {unknown}
 v - a scroll of remove curse
 x - a scroll of fog {unknown}
 y - a scroll of magic mapping
 z - a scroll of amnesia {unknown}
Potions
 f - a potion of brilliance {unknown}
 k - 4 potions of agility
 l - 3 potions of haste
 o - a potion of flight
 t - 5 potions of degeneration {unknown}
 w - a potion of berserk rage {unknown}
Comestibles
 d - 11 rations


   Skills:
 + Level 4.0 Fighting
 + Level 0.2 Polearms
 + Level 4.1 Armour
 + Level 4.4 Dodging
 - Level 1.0 Stealth
 - Level 4.0 Unarmed Combat
 - Level 2.1 Spellcasting
   Level 0.6 Transmutations
 + Level 5.4 Earth Magic


You had 7 spell levels left.
You knew the following spells:

 Your Spells              Type           Power        Failure   Level  Hunger
a - Sandblast             Erth           ###...       26%         1    ##.....
b - Stone Arrow           Conj/Erth      ##....       90%         3    ####...

Your spell library contained the following spells:

 Spells                   Type           Power        Failure   Level  Hunger
 Passwall                 Tmut/Erth      ##......     69%         2    ###....
 Lee's Rapid Deconstruct  Erth           ###.......   99%         5    ######.
 Petrify                  Tmut/Erth      ##......     99%         4    #####..


Dungeon Overview and Level Annotations

Branches:
Dungeon (6/15)             Temple (1/1) D:4

Altars:
Ashenzari
Cheibriados
Dithmenos
Elyvilon
Gozag
Hepliaklqana
Kikubaaqudgha
Makhleb
Nemelex Xobeh
Okawaru
Qazlal
Ru
Sif Muna
Vehumet
Wu Jian
Xom
Yredelemnul
The Shining One

Annotations:
D:3 3 runed doors, ciphuk's ghost, amateur GnVM
D:6 Dowan; Duvessa


Innate Abilities, Weirdness & Mutations

You are too large for most types of armour.
You have claws for hands.
Your metabolism is lightning-fast.
You like to eat raw meat.
Your natural rate of healing is unusually fast.
You are covered in fur. (AC +1)
You have very tough skin. (AC +2)
Your system is resistant to poisons. (rPois)
You are robust. (+10% HP)
Your spells are a little harder to cast, but a little more powerful.


Message History

You hit the orc warrior.
The orc warrior is heavily wounded.
The orc priest mumbles some strange prayers to Beogh against you.
Beogh smites you!
* * * LOW HITPOINT WARNING * * *
The orc warrior hits you with a hand axe!!
* * * LOW HITPOINT WARNING * * *
Duvessa, Sister of Dowan comes into view.
She is wielding a short sword of venom.
You feel better.
The orc priest begins to cast a cantrip, but forgets the words!
The orc warrior hits you with a hand axe!
* * * LOW HITPOINT WARNING * * *
You feel better.
The orc warrior hits you with a hand axe!
* * * LOW HITPOINT WARNING * * *
It was a potion of flight.
You feel very buoyant.
You fly up into the air.
The orc warrior hits you with a hand axe!!
You die...

********* **********
,,,,,,,,**************,,,,,,,,*
*******,,,,,,,,,,,,,,*,******,*
***#####******,*,,,,,,,,***
######...#######e#..*****,,,,
#......#>...@oooe...*****,***
####.##.#...#######....,,,,,,,,*
##.......##.## ****.****,**,*
.......####.# *,* *,**,* ##..##.#
#.# *,* *,*#.# ...[##.# #.# *,*
*,*#.# ##..#*.# #.# *,* *,*#.#
#..#*.# #.***********,****,*#.#
##..##.###*,,,,,,,,,,,,,,,,,,*#.#


You could see Duvessa, an orc warrior, Dowan, an orc priest and an orc.

Vanquished Creatures
  Grinder (D:3)
  A water moccasin (D:5)
  A phantom (D:6)
  3 ogres
  A centaur (D:5)
  A bullfrog (D:6)
  A wyvern skeleton (D:6)
  A scorpion (D:4)
  A howler monkey (D:6)
  2 jellies
  3 crimson imps
  A bullfrog zombie (D:5)
  2 centaur zombies
  A hound (D:6)
  An orc priest (D:6)
  A human zombie (Ossuary)
  4 orc wizards
  A bullfrog skeleton (D:5)
  Jessica (D:3)
  4 worker ants
  Ijyb (D:3)
  A big kobold zombie (Ossuary)
  5 mummies
  3 gnolls (D:5)
  A howler monkey skeleton (D:6)
  5 adders
  2 oozes
  2 worms (D:2)
  A dart slug (D:1)
  4 leopard geckos
  9 orcs
  4 bats
  7 giant cockroaches
  A gnoll zombie (Ossuary)
  14 goblins
  9 hobgoblins
  8 jackals
  12 kobolds
  5 frilled lizards
  A giant cockroach zombie (D:5)
  3 hobgoblin zombies (Ossuary)
  A kobold zombie (Ossuary)
  9 rats
140 creatures vanquished.

Notes
Turn   | Place    | Note
-------+----------+-------------------------------------------
     0 | D:1      | Htamos the Troll Earth Elementalist began the quest for the Orb.
     0 | D:1      | Reached XP level 1. HP: 16/16 MP: 1/1
   286 | D:1      | Reached XP level 2. HP: 24/24 MP: 3/3
   680 | D:1      | Reached XP level 3. HP: 29/32 MP: 4/4
  1114 | D:2      | Reached skill level 1 in Unarmed Combat
  1160 | D:2      | Reached skill level 3 in Earth Magic
  1404 | D:2      | Reached skill level 1 in Armour
  1533 | D:2      | Found an opulent altar of Gozag.
  1533 | D:2      | Found a stormy altar of Qazlal.
  1607 | D:2      | Reached XP level 4. HP: 38/40 MP: 5/5
  1714 | D:3      | Found a runed gate.
  1715 | D:3      | Found a runed gate.
  1716 | D:3      | Found a runed gate.
  1921 | D:3      | Noticed Ijyb
  1928 | D:3      | Reached skill level 1 in Fighting
  1943 | D:3      | Killed Ijyb
  2255 | D:3      | Noticed Jessica
  2261 | D:3      | Killed Jessica
  2261 | D:3      | Reached XP level 5. HP: 39/48 MP: 3/6
  2937 | D:3      | Noticed ciphuk's ghost (amateur GnVM)
  3075 | D:4      | Got an ichor-stained arbalest
  3092 | D:4      | Found a staircase to the Ecumenical Temple.
  3096 | D:4      | Noticed Grinder
  3290 | D:3      | Killed Grinder
  3290 | D:3      | Reached XP level 6. HP: 38/57 MP: 0/8
  3295 | D:3      | Learned a level 3 spell: Stone Arrow
  3595 | Temple   | Entered the Ecumenical Temple
  3677 | Temple   | Became a worshipper of Warmaster Okawaru
  3778 | D:4      | Reached XP level 7. HP: 65/65 MP: 5/9
  3964 | D:4      | Reached skill level 4 in Earth Magic
  4156 | D:4      | Found a burning altar of Makhleb.
  4156 | D:4      | Noticed a blizzard demon
  4617 | D:4      | Got a translucent trident
  4631 | D:5      | Entered Level 5 of the Dungeon
  4701 | D:5      | Gained mutation: Your spells are a little harder to cast, but a little more powerful. [potion of mutation]
  4701 | D:5      | Gained mutation: You are robust. (+10% HP) [potion of mutation]
  4701 | D:5      | Gained mutation: Your system is resistant to poisons. (rPois) [potion of mutation]
  4999 | D:5      | Reached * piety under Okawaru
  4999 | D:5      | Reached XP level 8. HP: 62/81 MP: 6/10
  5525 | D:5      | Identified the +8 trident "Ufiquofo" {pierce, rPois Stlth+} (You found it on level 4 of the Dungeon)
  5526 | D:5      | Identified a scroll of acquirement
  5528 | D:5      | Got a fine shield
  5535 | D:5      | Identified the +2 shield "Dexuj" {+Inv rElec rC- MR++} (You acquired it on level 5 of the Dungeon)
  5704 | D:5      | Found a sacrificial altar of Ru.
  5983 | D:6      | Reached skill level 5 in Earth Magic
  6023 | D:6      | Reached ** piety under Okawaru
  6095 | D:6      | Found a sand-covered staircase.
  6104 | Ossuary  | Entered an ossuary
  6469 | D:6      | Found a radiant altar of Vehumet.
  6582 | D:6      | Noticed Dowan
  6583 | D:6      | Noticed Duvessa
  6586 | D:6      | Mangled by an orc warrior

Vault maps used:
D:1:      lightli_arrival_farm, serial_bayou_ford_a
D:2:      gammafunk_temple_overflow_elements
D:3:      kennysheep_goblin_castle, first_ration, ebering_ghost_rock_garden,
          uniq_jessica
D:4:      makhleb_altar_promises_db, minmay_temple_entry_mist, uniq_ijyb,
          uniq_grinder
D:5:      cheibrodos_helix_gallery, hangedman_ru_absence
D:6:      kennysheep_little_box, zin_scriptorium, gup_ossuary_entry_pyramid,
          uniq_duvessa
Temple:   cyrus_circular_temple
Ossuary:  ossuary_crypta

Skill      XL: |  1  2  3  4  5  6  7  8 |
---------------+-------------------------+-----
Unarmed Combat | 1 2 3 4 |  4.0
Earth Magic    | 3 4 5 |  5.4
Dodging        | 2 3 4 |  4.4
Armour         | 1 2 3 4 |  4.1
Fighting       | 1 2 4 |  4.0
Spellcasting   | 2 |  2.1
Polearms       | |  0.2
Stealth        | |  1.0
Transmutations | |  0.6

Action                   |  1- 3 |  4- 6 |  7- 9 || total
-------------------------+-------+-------+-------++-------
Melee: Unarmed           |   116 |    37 |       ||   153
       Great sword       |       |   120 |    49 ||   169
       Trident           |       |       |    90 ||    90
 Cast: Sandblast         |       |    35 |   100 ||   135
Evoke: Wand              |       |     6 |       ||     6
  Use: Scroll            |       |     8 |     7 ||    15
       Potion            |       |     4 |     7 ||    11
 Stab: Sleeping          |     2 |     4 |     4 ||    10
       Distracted        |       |       |     2 ||     2
  Eat: Chunk             |    20 |    21 |    23 ||    64
Armor: Robe              |    30 |   128 |    59 ||   217
       Skin              |       |       |    15 ||    15
Dodge: Dodged            |    61 |   155 |    87 ||   303
Block: Shield            |       |       |    38 ||    38
       Rpst.: Great sword |       |    41 |    14 ||    55

Table legend:
 A = Spawn XP
 B = Non-spawn XP
 C = Spawn XP percentage of total XP
 D = Spawn monster count
 E = Non-spawn monster count
 F = Spawn count percentage of total count
 G = Total turns spent on level
                    A         B        C        D         E        F      G
               +---------+---------+-------+---------+---------+-------+---------
         Total |       0 |    2650 |   0.0 |       0 |     140 |   0.0 |  6586
               +---------+---------+-------+---------+---------+-------+---------
           D:1 |       0 |      43 |   0.0 |       0 |      21 |   0.0 |  1110
           D:2 |       0 |      56 |   0.0 |       0 |      21 |   0.0 |   524
           D:3 |       0 |     580 |   0.0 |       0 |      44 |   0.0 |  1857
           D:4 |       0 |     412 |   0.0 |       0 |      10 |   0.0 |  1044
           D:5 |       0 |     696 |   0.0 |       0 |      18 |   0.0 |  1265
           D:6 |       0 |     677 |   0.0 |       0 |      14 |   0.0 |   356
       Ossuary |       0 |     186 |   0.0 |       0 |      12 |   0.0 |   334
               +---------+---------+-------+---------+---------+-------+---------
